 Dungeon Crawl Stone Soup version 0.32-a0-768-g0f6f1dd4b9 (webtiles) character file.

Game seed: 869828561114696325

15 cforsyth the Chopper (level 2, 0/26 HPs)
             Began as a Mountain Dwarf Cinder Acolyte on Mar 18, 2024.
             Was a High Priest of Ignis.
             Constricted to death by a ball python (2 damage)
             ... on level 1 of the Dungeon.
             The game lasted 00:00:28 (271 turns).

cforsyth the Chopper (Mountain Dwarf Cinder Acolyte) Turns: 271, Time: 00:00:29

Health: 0/26       AC:  6    Str: 16    XL:     2   Next: 34%
Magic:  3/3        EV: -1    Int: 14    God:    Ignis [*****.]
Gold:   59         SH:  0    Dex:  5    Spells: 3/3 levels left

rFire   + . .        a - -1 hand axe (flame)
rCold   . . .        (no shield)
rNeg    . . .        d - +0 scale mail
rPois   .            (no helmet)
rElec   .            (no cloak)
rCorr   .            (no gloves)
SInv    .            (no boots)
Will    .....        (no amulet) Stlth
                     (no ring)
HPRegen 0.24/turn    (no ring)
MPRegen 0.08/turn

%: no passive effects
@: constricted
A: runic magic, artefact enchanting
a: Renounce Religion, Fiery Armour, Foxfire Swarm, Rising Flame


You were on level 1 of the Dungeon.
You worshipped Ignis.
Ignis was extremely pleased with you.
You visited 1 branch of the dungeon, and saw 1 of its levels.

You collected 59 gold pieces.


Innate Abilities, Weirdness & Mutations

Your spellcasting is much less encumbered by armour.
You can use scrolls of enchantment on lesser artefacts.


   Skills:
 + Level 3.4 Fighting
 + Level 3.8 Axes
 + Level 0.8 Armour
 + Level 1.2 Spellcasting
 + Level 3.8 Fire Magic


You had 3 spell levels left.
You didn't know any spells.
Your spell library contained the following spells:

 Spells                   Type           Power      Damage    Failure   Level
 Scorch                   Fire           22%        2d5       11%         2
 Jinxbite                 Hex            0%         N/A       47%         2
 Yara's Violent Unravell  Hex/Alch       0%         3d3       100%        5
 Enfeeble                 Hex            0%         N/A       100%        7

Inventory:

Hand Weapons
 a - a -1 hand axe of flaming (weapon)
Armour
 b - a +0 robe
 d - a +0 scale mail (worn)
Scrolls
 f - a scroll of amnesia {unknown}
Potions
 c - a potion of might {unknown}
 e - a potion of haste {unknown}
 g - a potion of enlightenment {unknown}

Dungeon Overview and Level Annotations

Branches:
Dungeon (1/15)

Altars:

... ...## ...# ...# #
..#####.# ######.....!.##
#..).S.........
########S####......#
#........@# #....[.#
#.........# #......#
###.........# #......#
...........## #......#
#######......#######......#
.....).......'.....#......#
.######......#####.#......#
...# #......# #####... ##.#
#......#


You could see a ball python.


Message History

You hit the gnoll. You burn the gnoll.
You kill the gnoll!
You have reached level 2!
A ball python comes into view.
You start resting.
A ball python is nearby!
You barely miss the ball python.
The ball python hisses angrily.
The ball python bites you but does no damage.
You barely miss the ball python. The ball python bites you.
* * * LOW HITPOINT WARNING * * *
The ball python grabs you. The ball python constricts you.
* * * LOW HITPOINT WARNING * * *
You closely miss the ball python.
The ball python bites you but does no damage.
The ball python constricts you.
* * * LOW HITPOINT WARNING * * *
You hit the ball python. You burn the ball python.
The ball python is severely wounded.
The ball python bites you but does no damage.
The ball python constricts you.
* * * LOW HITPOINT WARNING * * *
The ball python bites you but does no damage.
The ball python constricts you.
You barely miss the ball python.
The ball python is severely wounded.
The ball python bites you but does no damage.
The ball python constricts you.
You die...
Ignis goes out, and joins you in death.

Action                     || total
---------------------------++-------
  Melee: Hand axe          ||    24
 Armour: Scale mail        ||    34
  Dodge: Dodged            ||    11

Levels and vault maps discovered:
D:1:      lightli_arrival_quake, layout_basic

Notes
Turn   | Place    | Note
-------+----------+-------------------------------------------
     0 | D:1      | cforsyth the Mountain Dwarf Cinder Acolyte began the quest
                  | for the Orb.
     0 | D:1      | Reached XP level 1. HP: 19/19 MP: 2/2
   248 | D:1      | HP: 1/19 [gnoll/+0 whip (3)]
   250 | D:1      | Reached XP level 2. HP: 2/26 MP: 3/3
   270 | D:1      | HP: 1/26 [constriction (2)]
   271 | D:1      | Constricted to death by a ball python

Vanquished Creatures
  A gnoll (D:1)
  A goblin (D:1)
  3 jackals (D:1)
5 creatures vanquished.

Table legend: (Time is in decaauts)
 A = Elapsed time spent in this place.
 B = Non-inter-level travel time spent in this place.
 C = Inter-level travel time spent in this place.
 D = Time resting spent in this place.
 E = Time spent auto-exploring this place.
 F = Levels seen in this place.
 G = Mean time per level.
                   A        B        C        D        E       F      G
               +--------+--------+--------+--------+--------+-----+--------+
         Total |    273 |    273 |      0 |      4 |    195 |   1 |  273.0 |
       Dungeon |    273 |    273 |      0 |      4 |    195 |   1 |  273.0 |
               +--------+--------+--------+--------+--------+-----+--------+

Top non-repeatable levels by time:
     D:1: 273 daAuts

Table legend:
 A = Non-vault XP
 B = Vault XP
 C = Vault XP percentage of total XP
 D = Non-vault monster count
 E = Vault monster count
 F = Vault count percentage of total count
                 A         B        C        D         E       F
            +---------+---------+-------+---------+---------+-------
      Total |      22 |       0 |   0.0 |       5 |       0 |   0.0
            +---------+---------+-------+---------+---------+-------
        D:1 |      22 |       0 |   0.0 |       5 |       0 |   0.0
            +---------+---------+-------+---------+---------+-------
